 Dungeon Crawl Stone Soup version 0.19-a0-1587-gaef70b6 (webtiles) character file.

22825 dvd the Reanimator (level 12, -3/75 HPs)
             Began as a Demonspawn Necromancer on Sept 16, 2016.
             Was a High Priest of Hepliaklqana.
             Slain by an earth elemental (20 damage)
             ... on level 10 of the Dungeon on Sept 17, 2016.
             The game lasted 01:12:37 (16074 turns).

dvd the Reanimator (Demonspawn Necromancer)        Turns: 16074, Time: 01:12:37

Health: -3/75      AC: 14    Str: 19    XL:     12   Next: 66%
Magic:  27/27      EV: 15    Int: 20    God:    Hepliaklqana [*****.]
Gold:   787        SH:  0    Dex: 15    Spells: 5 memorised, 18 levels left

rFire  . . .     SeeInvis .     G - +2 falchion (freeze)
rCold  + . .     Gourm    .     Z - +2 robe {rC+}
rNeg   . . .     Faith    .     (no shield)
rPois  .         Spirit   .     g - +2 helmet
rElec  .         Dismiss  .     (no cloak)
rCorr  .         Reflect  .     P - +0 pair of gloves
MR     .....     Harm     .     (boots unavailable)
Stlth  +++++.....               (no amulet)
                                u - +5 ring of strength
                                d - +2 ring of protection

@: mighty, regenerating
A: reduced essence, talons 3, iridescent scales 2, nightstalker 1, powered by
pain 1
a: Recall Ancestor, Ancestor Identity, Transference, Idealise, Renounce Religion


You were on level 10 of the Dungeon.
You worshipped Hepliaklqana.
Hepliaklqana was extremely pleased with you.
You were not hungry.

You visited 3 branches of the dungeon, and saw 15 of its levels.

You collected 787 gold pieces.

Inventory:

Hand Weapons
 a - a +2 dagger of venom
 i - a +1 hand axe of chopping
 p - a +2 flail of draining
 x - a +1 whip of draining
 G - a +2 falchion of freezing (weapon)
 O - a +1 scimitar of flaming
Missiles
 L - 5 poisoned javelins (quivered)
Armour
 g - a +2 helmet (worn)
 C - a +3 chain mail of magic resistance
 E - a +1 robe of magic resistance
 P - a +0 pair of gloves (worn)
 Z - a +2 robe of cold resistance (worn)
Magical Staves
 N - an uncursed staff of death
 R - an uncursed staff of air
Jewellery
 d - a +2 ring of protection (left hand)
 l - an uncursed ring of ice
 m - an uncursed ring of positive energy
 u - a +5 ring of strength (right hand)
 B - an uncursed ring of stealth
 J - an uncursed ring of protection from cold
Wands
 o - a wand of disintegration (18/24)
 y - a wand of iceblast (15/15)
 I - a wand of random effects (26/48)
 Q - a wand of disintegration (5/24)
 S - a wand of lightning (5/15)
 U - a wand of iceblast (6/15)
 V - a wand of acid (6/15)
Scrolls
 e - 4 scrolls of teleportation
 n - 2 scrolls of recharging
 r - 5 scrolls of amnesia
 s - 2 scrolls of magic mapping
 t - 2 scrolls of enchant weapon
 v - 2 scrolls of blinking
 A - 4 scrolls of brand weapon
 D - 3 scrolls of remove curse
 F - a scroll of fog
 W - a scroll of identify
Potions
 h - 3 potions of agility
 j - 4 potions of cancellation
 k - a potion of curing
 z - 3 potions of lignification
 T - a potion of resistance
Books
 b - a book of Necromancy

   Spells                             Type                      Level
   a - Pain                           Necromancy                   1
   b - Animate Skeleton               Necromancy                   1
   c - Vampiric Draining              Necromancy                   3
   d - Regeneration                   Charms/Necromancy            3
   e - Animate Dead                   Necromancy                   4
   f - Control Undead                 Necromancy                   4
Comestibles
 c - 11 bread rations
 f - 6 meat rations
 w - 12 fruits
 K - 6 slices of pizza
 X - 2 beef jerkies


   Skills:
 + Level 4.4 Fighting
 + Level 5.5(5.9) Short Blades
 + Level 2.9(4.6) Long Blades
 + Level 0.5(1.3) Axes
 + Level 1.9(2.1) Maces & Flails
 + Level 0.6(1.4) Staves
 + Level 5.7 Dodging
 + Level 7.2 Stealth
 + Level 11.2 Spellcasting
 + Level 1.8 Charms
 + Level 13.5 Necromancy


You had 18 spell levels left.
You knew the following spells:

 Your Spells              Type           Power        Failure   Level  Hunger
a - Pain                  Necr           ####         1%          1    None
b - Vampiric Draining     Necr           ######....   1%          3    None
c - Animate Dead          Necr           N/A          1%          4    ##.....
d - Regeneration          Chrm/Necr      #####.....   1%          3    None
e - Control Undead        Necr           ######....   1%          4    ##.....


Dungeon Overview and Level Annotations

Branches:
Dungeon (12/15)            Temple (1/1) D:4            Lair (2/6) D:11
  Snake (0/4) Lair:2          Orc (0/2) D:12
  Swamp: Lair:2-4    Shoals: Lair:2-4

Altars:
Ashenzari
Cheibriados
Dithmenos
Elyvilon
Fedhas
Gozag
Hepliaklqana
Kikubaaqudgha
Makhleb
Nemelex Xobeh
Okawaru
Qazlal
Ru
Sif Muna
Trog
Uskayaw
Vehumet
Xom
Yredelemnul
Zin
The Shining One

Shops:
D:5 }   D:8 (   D:9 *

Annotations:
D:12 Rupert


Innate Abilities, Weirdness & Mutations

You have claws for feet.
You are mostly covered in iridescent scales. (AC +4)
You are slightly more attuned to the shadows.
You sometimes gain a little power by taking damage.
Your life essence is reduced. (-10% HP)


Message History

You feel your power returning.
Unknown command.
You hit the earth elemental but do no damage.
You claw the earth elemental, but do no damage.
The earth elemental is severely damaged.
The harpy simulacrum barely misses you.
You riposte.
You slash the harpy simulacrum!
The harpy simulacrum is severely damaged.
The harpy simulacrum misses you. The harpy simulacrum claws you.
The harpy simulacrum freezes you. You resist.
The harpy simulacrum claws you but does no damage.
The harpy simulacrum claws you. The harpy simulacrum freezes you. You resist.
The harpy simulacrum claws you! The harpy simulacrum freezes you! You resist.
* * * LOW HITPOINT WARNING * * *
The crimson imp blinks!
The harpy simulacrum completely misses you.
You riposte.
You slash the harpy simulacrum!
The harpy simulacrum vapourises!
The earth elemental hits you!!
You die...

###.###.....#...######.#...#
#
ZZZ.........#..........#.#.#
#
###.##......##.#.#######.#.#
# ###Z##......##.#.# #...# #
..ZZ...........#.## ##.)# #
....########......# #..# #
....# #....ยง.#######..# #
....# #.5.E..#..E.R..># #
############....@##.########
.................'..#
###########......####
..................Z.#
###########.#######.# #.#
#Z# #.# #.# #.# #.#
#.#######.#


You could see an earth elemental and a crimson imp.

Vanquished Creatures
  Fannar (D:12)
  Erolcha (D:12)
  2 hydras (Lair:2)
  Erica (D:8)
  3 ugly things
  A centaur zombie (D:11)
  2 spiny frogs
  A rime drake (Lair:1)
  3 komodo dragons
  A troll (D:12)
  5 hippogriffs
  Sigmund (D:6)
  6 yaks
  A human (D:7)
  A basilisk (Lair:2)
  2 hogs (D:7)
  Menkaure (D:6)
  A harpy simulacrum (D:10)
  A mottled dragon (D:11)
  2 nagas (Lair:2)
  Edmund (D:6)
  2 wargs (D:11)
  3 water moccasins
  2 ice beasts
  A porcupine (Lair:1)
  A sky beast (D:10)
  2 wasps
  3 black bears
  5 orc warriors
  3 ogres
  A phantom (D:8)
  2 wolves (Lair:2)
  A necrophage (D:8)
  2 centaurs (D:9)
  2 crocodiles
  2 big kobolds
  8 bullfrogs
  An earth elemental (D:10)
  A scorpion (D:5)
  4 killer bees
  2 wights (D:7)
  2 howler monkeys
  2 crimson imps (D:9)
  2 bullfrog zombies
  A bullfrog skeleton (D:11)
  5 hounds
  A jelly (D:5)
  12 orc wizards
  6 orc priests
  4 iguanas
  9 worker ants
  A worker ant zombie (D:5)
  12 adders
  13 river rats
  2 shadow imps
  3 oozes
  A worm (D:3)
  2 dart slugs
  7 leopard geckos
  44 orcs
  3 bats
  6 giant cockroaches
  6 hobgoblins
  4 jackals (D:6)
  20 kobolds
  3 quokkas
  5 ball pythons
  4 frilled lizards
  8 goblins
  8 rats
282 creatures vanquished.

Vanquished Creatures (collateral kills)
  2 hydras (Lair:2)
  An unseen horror (D:12)
  A hill giant (D:12)
  An ugly thing (D:11)
  A manticore (D:12)
  A spiny frog (Lair:1)
  A rime drake (Lair:2)
  A komodo dragon (D:12)
  A troll (D:11)
  4 hippogriffs
  A two-headed ogre (D:12)
  A vampire (D:10)
  A wraith (D:10)
  A wyvern (D:11)
  6 yaks
  A hog (D:7)
  2 nagas (Lair:2)
  2 water moccasins
  2 orc warriors
  A sky beast (D:10)
  A necrophage (D:10)
  An eye of draining (D:9)
  4 wolves (Lair:2)
  2 crocodiles
  A big kobold (D:11)
  3 bullfrogs
  An earth elemental (D:10)
  A water moccasin skeleton (D:5)
  4 killer bees
  A scorpion (D:7)
  2 wights (D:7)
  2 howler monkeys (D:12)
  A jelly (D:9)
  2 bullfrog zombies
  5 crimson imps
  A hound (D:7)
  3 orc priests (D:11)
  A quasit (D:10)
  A bullfrog skeleton (D:6)
  3 orc wizards
  4 worker ants
  3 gnolls (D:6)
  2 howler monkey skeletons
  An adder (D:5)
  A river rat (Lair:1)
  An ooze (D:4)
  An adder zombie (D:8)
  A leopard gecko (D:7)
  13 orcs
  A kobold (D:8)
100 creatures vanquished.

Vanquished Creatures (others)
  2 knights (D:10)
  An ancestor (D:6)
3 creatures vanquished.

Grand Total: 385 creatures vanquished

Notes
Turn   | Place    | Note
-------+----------+-------------------------------------------
     0 | D:1      | dvd the Demonspawn Necromancer began the quest for the Orb.
     0 | D:1      | Reached XP level 1. HP: 13/13 MP: 3/3
   431 | D:1      | Gained mutation: You have sharp toenails. [demonic ancestry]
   431 | D:1      | Reached XP level 2. HP: 18/19 MP: 1/5
  1285 | D:2      | Reached skill level 5 in Necromancy
  1502 | D:2      | Gained mutation: You have razor-sharp toenails. [demonic ancestry]
  1502 | D:2      | Reached XP level 3. HP: 24/24 MP: 4/6
  1600 | D:2      | Learned a level 3 spell: Vampiric Draining
  1953 | D:2      | Found a faded altar of an unknown god.
  2153 | D:2      | Found a shattered altar of Ashenzari.
  2377 | D:2      | Gained mutation: You have claws for feet. [demonic ancestry]
  2377 | D:2      | Reached XP level 4. HP: 18/30 MP: 3/8
  2530 | D:2      | Learned a level 4 spell: Animate Dead
  2892 | D:3      | Gained mutation: You are partially covered in iridescent scales. (AC +2) [demonic ancestry]
  2892 | D:3      | Reached XP level 5. HP: 34/35 MP: 6/9
  3227 | D:4      | Reached skill level 6 in Necromancy
  3273 | D:4      | Noticed an ice beast
  3284 | D:4      | Killed an ice beast
  3284 | D:4      | Reached XP level 6. HP: 28/42 MP: 0/11
  3300 | D:4      | Reached skill level 1 in Fighting
  3300 | D:4      | Reached skill level 1 in Short Blades
  3702 | D:4      | Got a pair of translucent boots
  3733 | D:4      | Found a hide-covered altar of Uskayaw.
  3736 | D:4      | Noticed a dagger
  3736 | D:4      | Noticed a hand axe
  3772 | D:4      | Found a staircase to the Ecumenical Temple.
  3825 | Temple   | Entered the Ecumenical Temple
  3938 | Temple   | Became a worshipper of Hepliaklqana
  4075 | D:4      | Learned a level 3 spell: Regeneration
  4528 | D:5      | Entered Level 5 of the Dungeon
  4554 | D:5      | Found Ceosajy's Gadget Emporium.
  4858 | D:5      | Reached XP level 7. HP: 41/43 MP: 9/13
  5082 | D:5      | Reached * piety under Hepliaklqana
  5124 | D:5      | Reached skill level 7 in Necromancy
  5172 | D:5      | Learned a level 4 spell: Control Undead
  5498 | D:6      | Noticed Sigmund
  5515 | D:6      | Killed Sigmund
  5515 | D:6      | Gained mutation: You are slightly more attuned to the shadows. [demonic ancestry]
  5515 | D:6      | Reached XP level 8. HP: 45/48 MP: 10/15
  5835 | D:6      | Noticed Edmund
  5849 | D:6      | Killed Edmund
  5849 | D:6      | Reached skill level 5 in Spellcasting
  5957 | D:6      | Noticed Menkaure
  5966 | D:6      | Killed Menkaure
  6272 | D:7      | Reached skill level 8 in Necromancy
  6391 | D:7      | Reached skill level 1 in Maces & Flails
  6404 | D:7      | Gained mutation: You sometimes gain a little power by taking damage. [demonic ancestry]
  6404 | D:7      | Reached XP level 9. HP: 38/54 MP: 4/17
  6668 | D:7      | Reached ** piety under Hepliaklqana
  6698 | D:7      | Remembered your ancestor Ealamassi as a knight
  7077 | D:7      | Found a sacrificial altar of Ru.
  7080 | D:7      | Reached skill level 9 in Necromancy
  7254 | D:7      | Found a sacrificial altar of Ru.
  7660 | D:8      | Found Usomale's Antique Weapon Shoppe.
  7849 | D:8      | Reached *** piety under Hepliaklqana
  7903 | D:8      | Found a shimmering altar of Xom.
  7903 | D:8      | Found a shimmering altar of Xom.
  7905 | D:8      | Found a shimmering altar of Xom.
  7905 | D:8      | Found a shimmering altar of Xom.
  7905 | D:8      | Found a shimmering altar of Xom.
  7906 | D:8      | Found a shimmering altar of Xom.
  7906 | D:8      | Found a shimmering altar of Xom.
  7907 | D:8      | Found a shimmering altar of Xom.
  7907 | D:8      | Found a shimmering altar of Xom.
  7935 | D:8      | Noticed Erica
  7953 | D:8      | Killed Erica
  8098 | D:8      | Found a burning altar of Makhleb.
  8098 | D:8      | Noticed a cacodemon
  8099 | D:8      | Found a glowing silver altar of Zin.
  8099 | D:8      | Noticed an angel
  8331 | D:8      | Reached XP level 10. HP: 62/62 MP: 21/21
  8352 | D:8      | Reached skill level 10 in Necromancy
  8649 | D:9      | Found Ciud's General Store.
  8804 | D:9      | Reached skill level 1 in Long Blades
  8867 | D:9      | Reached skill level 5 in Stealth
  9090 | D:9      | Found a stormy altar of Qazlal.
  9097 | D:9      | Found a snail-covered altar of Cheibriados.
  9109 | D:9      | Found an ancient bone altar of Kikubaaqudgha.
  9122 | D:9      | Found a basalt altar of Yredelemnul.
  9443 | D:9      | Reached **** piety under Hepliaklqana
  9546 | D:10     | Entered Level 10 of the Dungeon
 10576 | D:10     | Gained mutation: You evolve. [potion of beneficial mutation]
 10813 | D:11     | Noticed a white ugly thing
 10822 | D:11     | Killed a white ugly thing
 10832 | D:11     | Reached skill level 5 in Short Blades
 11058 | D:11     | Reached skill level 11 in Necromancy
 11058 | D:11     | Reached XP level 11. HP: 61/67 MP: 15/23
 11193 | D:11     | Noticed a red ugly thing
 11206 | D:11     | Killed a red ugly thing
 11643 | D:11     | Found a staircase to the Lair.
 11689 | D:11     | Reached skill level 1 in Charms
 12032 | Lair:1   | Entered Level 1 of the Lair of Beasts
 12079 | Lair:1   | Reached skill level 5 in Dodging
 12153 | Lair:1   | Reached ***** piety under Hepliaklqana
 13060 | Lair:2   | Noticed an eight-headed hydra
 13285 | Lair:2   | Killed an eight-headed hydra
 13285 | Lair:2   | Reached skill level 12 in Necromancy
 13316 | Lair:2   | Noticed a four-headed hydra
 13328 | Lair:2   | Killed a one-headed hydra
 13591 | Lair:2   | Noticed an eight-headed hydra
 13601 | Lair:2   | Killed a six-headed hydra
 13601 | Lair:2   | Reached skill level 10 in Spellcasting
 13657 | Lair:2   | Gained mutation: You are mostly covered in iridescent scales. (AC +4) [demonic ancestry]
 13657 | Lair:2   | Reached XP level 12. HP: 38/74 MP: 13/26
 13773 | Lair:2   | Noticed a five-headed hydra
 13783 | Lair:2   | Killed a five-headed hydra
 13848 | Lair:2   | Found a staircase to the Snake Pit.
 15055 | D:12     | Noticed Erolcha
 15061 | D:12     | Killed Erolcha
 15061 | D:12     | Reached skill level 13 in Necromancy
 15145 | D:12     | Noticed Fannar
 15154 | D:12     | Killed Fannar
 15399 | D:12     | Noticed Rupert
 15560 | D:12     | Found a staircase to the Orcish Mines.
 15652 | D:12     | Lost mutation: You evolve. [evolution]
 15853 | D:12     | Paralysed by Rupert for 6 turns
 16074 | D:10     | Slain by an earth elemental

Vault maps used:
D:1:      evilmike_arrival_crescent, minmay_misc_feat_diagonals,
          kennysheep_doodads, minmay_misc_feat_rugged, serial_bayou_lagoon_a
D:2:      lemuel_doored_altar, ecumenical_altar_1
D:3:      first_bread
D:4:      dancing_weapons_uskayaw
D:5:      serial_shops, shop_fountains
D:6:      uniq_menkaure, uniq_sigmund, uniq_edmund
D:7:      kennysheep_little_box, grunt_livestock, nicolae_ru_awakened_eye
D:8:      grunt_temple_overflow_order_and_chaos_2, serial_shops, shop,
          xom_shifter_show, uniq_erica
D:9:      grunt_temple_overflow_cloverleaf, serial_shops, shop
D:10:     small_statue_intersection
D:11:     minmay_stone_box, erik_lair_orcish_takeover
D:12:     david_orc_2, uniq_rupert, uniq_fannar, uniq_erolcha
Temple:   jpeg_temple_clearing
Lair:2:   minmay_snake_entry_guardpost_small, lemuel_fruit_tree,
          infiniplex_staircase_pool

Skill      XL: |  1  2  3  4  5  6  7  8  9 10 11 12 |
---------------+-------------------------------------+-----
Dodging        | 2 3 4 5 |  5.7
Necromancy     | 5 6 7 8 9 11 12 13 | 13.5
Stealth        | 2 3 4 5 7 |  7.2
Spellcasting   | 3 4 5 7 8 10 11 | 11.2
Fighting       | 1 2 3 4 |  4.4
Short Blades   | 1 2 3 4 5 |  5.5
Maces & Flails | 1 |  1.9
Long Blades    | 1 2 |  2.9
Charms         | 1 |  1.8
Axes           | |  0.5
Staves         | |  0.6

Action                   |  1- 3 |  4- 6 |  7- 9 | 10-12 || total
-------------------------+-------+-------+-------+-------++-------
Melee: Unarmed           |     5 |       |       |       ||     5
       Short sword       |    12 |       |       |       ||    12
       Whip              |     3 |       |       |       ||     3
       Kick              |     4 |    20 |    71 |   166 ||   261
       Dagger            |     3 |    86 |   232 |   322 ||   643
       Hand axe          |       |       |     3 |    27 ||    30
       Flail             |       |       |    16 |       ||    16
       Scimitar          |       |       |    13 |   107 ||   120
       Staff             |       |       |     9 |       ||     9
       Falchion          |       |       |       |    40 ||    40
 Cast: Pain              |    59 |    39 |    20 |    61 ||   179
       Vampiric Draining |     1 |     9 |    36 |   114 ||   160
       Animate Dead      |       |     6 |    11 |    38 ||    55
       Regeneration      |       |     1 |     3 |    33 ||    37
       Control Undead    |       |       |     6 |     4 ||    10
Invok: Ancestor Identity |       |     1 |       |       ||     1
       Recall Ancestor   |       |       |     3 |    10 ||    13
       Ancestor Life: Kn |       |       |     1 |       ||     1
  Use: Scroll            |       |     2 |    11 |    13 ||    26
       Potion            |       |       |     2 |    16 ||    18
 Stab: Sleeping          |     4 |    10 |    14 |    40 ||    68
       Distracted        |       |     1 |     1 |     7 ||     9
  Eat: Chunk             |     4 |    11 |    13 |    26 ||    54
       Beef jerky        |       |       |     1 |     2 ||     3
       Pizza             |       |       |       |     1 ||     1
Armor: Robe              |    19 |    23 |    97 |   158 ||   297
Dodge: Dodged            |    19 |    55 |   162 |   404 ||   640
